 Dungeon Crawl Stone Soup version 0.17.1-2-g5865329 (webtiles) character file.

100 Origami the Skirmisher (level 4, -1/61 HPs)
             Began as a Hill Orc Fighter on Feb 11, 2016.
             Slain by a gnoll
             ... wielding a +0 spear
              (3 damage)
             ... on level 2 of the Dungeon.
             The game lasted 00:05:19 (1533 turns).

Origami the Skirmisher (Hill Orc Fighter)           Turns: 1533, Time: 00:05:19

Health: -1/61      AC: 22    Str: 24    XL:     4   Next: 74%
Magic:  4/4        EV:  2    Int:  8    God:
Gold:   75         SH:  0    Dex: 10    Spells: 0 memorised, 3 levels left

rFire  . . .     SeeInvis .     a - +0 war axe
rCold  . . .     Clarity  .     (armour currently unavailable)
rNeg   + + +     SustAt   .     (no shield)
rPois  +         Gourm    .     (helmet currently unavailable)
rElec  .         Spirit   .     (cloak currently unavailable)
rCorr  .         Warding  .     (gloves currently unavailable)
rMut   .         NoTele   +     (boots currently unavailable)
MR     .....                    (no amulet)
Stlth  +.........               (no ring)
                                (no ring)

@: mighty, tree-form (expiring), slowed, very slow, not resistant to hostile
enchantments, very unstealthy
A: no striking features
a: no special abilities


You were on level 2 of the Dungeon.
You were not hungry.
You were a tree.
You visited 1 branch of the dungeon, and saw 2 of its levels.

You collected 75 gold pieces.

Inventory:

Hand Weapons
 a - a +0 war axe (weapon)
Armour
 c - a +0 chain mail (melded)
Scrolls
 b - a scroll of blinking {unknown}
 g - 3 scrolls of identify {unknown}
 h - a scroll of fear {unknown}
 j - a scroll of noise {unknown}
 l - a scroll of remove curse {unknown}
Potions
 f - a potion of heal wounds {unknown}
 i - a potion of agility {unknown}
Comestibles
 e - 2 bread rations
 k - 5 chunks of flesh
 m - a meat ration


   Skills:
 * Level 4.7 Fighting
 * Level 4.0 Axes
 * Level 4.1 Armour
 + Level 1.0 Dodging
   Level 3.2 Shields


You had 3 spell levels left.
You didn't know any spells.

Dungeon Overview and Level Annotations

Branches:
Dungeon (2/15)

Altars:

Annotations:
D:2 Natasha


Message History

The rat twitches its whiskers.
Natasha stares at you and mumbles some strange words.
The magic dart hits you!
* * * LOW HITPOINT WARNING * * *
The gnoll hits you but does no damage. Natasha claws you but does no damage.
The gnoll hits you but does no damage. Natasha claws you but does no damage.
Your transformation is almost over.
The gnoll hits you but does no damage. Natasha claws you but does no damage.
The gnoll hits you but does no damage. Natasha claws you but does no damage.
The gnoll hits you but does no damage. Natasha claws you.
* * * LOW HITPOINT WARNING * * *
The gnoll hits you from afar with a spear.
* * * LOW HITPOINT WARNING * * *
Natasha completely misses you. The gnoll hits you but does no damage.
Natasha claws you but does no damage. Natasha barely misses you.
The gnoll hits you but does no damage. Natasha claws you but does no damage.
The gnoll hits you but does no damage. Natasha claws you but does no damage.
The gnoll hits you from afar with a spear.
You die...

............###
..........).'.# .
............#.########..
.#(.....#.#.#...$.......
#.##...#.#.#...........
#....#.#.#...g...g...
##.. #.#.#..gr##.....
#<#.##h# .g.. ######♣#
... ........# ...######


You could see Natasha, a gnoll, a hobgoblin and a rat.

Vanquished Creatures
  2 gnolls (D:2)
  3 adders (D:2)
  A worm (D:2)
  A giant gecko (D:1)
  8 bats
  2 giant cockroaches (D:1)
  9 goblins
  8 hobgoblins
  2 jackals (D:2)
  A ball python (D:1)
  2 giant newts
  2 kobolds
  10 rats
51 creatures vanquished.

Notes
Turn   | Place    | Note
--------------------------------------------------------------
     0 | D:1      | Origami the Hill Orc Fighter began the quest for the Orb.
     0 | D:1      | Reached XP level 1. HP: 19/19 MP: 1/1
    62 | D:1      | Reached XP level 2. HP: 18/27 MP: 2/2
   220 | D:1      | Reached skill level 4 in Fighting
   547 | D:1      | Reached XP level 3. HP: 31/33 MP: 3/3
  1199 | D:2      | Reached XP level 4. HP: 39/41 MP: 4/4
  1500 | D:2      | Noticed Natasha
  1505 | D:2      | Reached skill level 1 in Dodging
  1530 | D:2      | HP: 2/61 [Natasha (5)]
  1533 | D:2      | Slain by a gnoll

Action                   |  1- 3 |  4- 6 || total
-------------------------+-------+-------++-------
Melee: War axe           |   112 |    62 ||   174
  Use: Potion            |       |     2 ||     2
  Eat: Chunk             |     1 |     1 ||     2
